 Dungeon Crawl Stone Soup version 0.31-a0-435-g2c6fae2916 (webtiles) character file.

Game seed: 4653746334614503676

225 LustLizard the Ruffian (level 6, 0/41 HPs)
             Began as an Octopode Shapeshifter on Aug 1, 2023.
             Killed from afar by Dowan (10 damage)
             ... with a puff of flame
             ... on level 5 of the Dungeon.
             The game lasted 00:06:17 (3320 turns).

LustLizard the Ruffian (Octopode Shapeshifter)      Turns: 3320, Time: 00:06:18

Health: 0/41       AC:  1    Str: 14    XL:     6   Next: 1%
Magic:  6/6        EV: 13    Int: 12    God:
Gold:   166        SH:  0    Dex: 13    Spells: 3/5 levels left

rFire   . .          .
                       - Unarmed
rCold   . . .        (no shield)
rNeg    . . .        (helmet currently unavailable)
rPois   .            (no amulet)
rElec   .            (no ring)
rCorr   .            (no ring)
SInv    .            (no ring)
Will    .....        (no ring)
Stlth   +++          (no ring)
HPRegen 0.26/turn    (no ring)
MPRegen 0.10/turn    (no ring)
                     (no ring)

%: no passive effects
@: beast-form
A: beast (slay +2), almost no armour, amphibious, 8 rings, camouflage 1,
gelatinous body 1, (nimble swimmer 1), tentacles
a: Begin Untransformation


You were on level 5 of the Dungeon.
You were a hulking beast.
You visited 1 branch of the dungeon, and saw 5 of its levels.

You collected 166 gold pieces.

Inventory:

Missiles
 o - 3 poisoned darts
Talismans
 b - a beast talisman (active)
Scrolls
 c - a scroll of fear {unknown}
 g - 2 scrolls of amnesia {unknown}
 i - a scroll of enchant weapon {unknown}
 m - a scroll of enchant armour {unknown}
 n - a scroll of immolation {unknown}
Potions
 a - 4 potions of lignification
 d - a potion of haste
 e - a potion of brilliance
 f - a potion of ambrosia
 h - a potion of invisibility
 j - a potion of might
 k - a potion of mutation {unknown}
 l - 2 potions of curing {unknown}
 p - a potion of heal wounds {unknown}


   Skills:
 + Level 2.5 Fighting
 - Level 2.0 Dodging
 + Level 3.0 Stealth
 * Level 4.5 Unarmed Combat
 + Level 1.1 Translocations
 + Level 3.6 Shapeshifting


You had 3 spell levels left.
You knew the following spells:

 Your Spells              Type           Power      Damage    Failure   Level
a - Blink                 Tloc           4%         N/A       32%         2

Your spell library contained the following spells:

 Spells                   Type           Power      Damage    Failure   Level
 Summon Small Mammal      Summ           0%         N/A       32%         1
 Lesser Beckoning         Tloc           4%         N/A       32%         2
 Momentum Strike          Conj/Tloc      2%         3d8       38%         2
 Gell's Gravitas          Tloc           2%         N/A       54%         3
 Teleport Other           Tloc           2%         N/A       54%         3
 Call Canine Familiar     Summ           0%         N/A       69%         3
 Summon Guardian Golem    Hex/Summ       0%         N/A       69%         3


Dungeon Overview and Level Annotations

Branches:
Dungeon (5/15)
 Temple: D:4-7

Altars:
Elyvilon
Nemelex Xobeh
Sif Muna
Trog

Annotations:
D:5 Dowan, Duvessa


Innate Abilities, Weirdness & Mutations

You are a hulking beast.
Your limbs bulge with bestial killing power. (Slay +2)
You cannot wear most types of armour.
You are amphibious.
You can wear up to eight rings at the same time.
Your skin changes colour to match your surroundings (Stealth+).
Your rubbery body absorbs attacks. (AC +1, EV +1)
((You are camouflaged when in or above water. (Stealth+)))
You have tentacles for arms and can constrict up to eight enemies at once.


Message History

There is a stone staircase leading down here.
HP restored.
You enter the deep water.
There is a stone staircase leading down here.
You climb downwards.
Found a sling, a leather armour and a great sword.
There is a stone staircase leading up here.
The helpless Duvessa fails to defend herself.
You bludgeon Duvessa! You grab Duvessa. You squeeze Duvessa.
Duvessa is moderately wounded.
You constrict Duvessa, but do no damage.
Dowan shouts!
A quokka comes into view.
Dowan mumbles some strange words.
Dowan blinks!
Duvessa barely misses you.
You tentacle-slap Duvessa but do no damage.
Duvessa is moderately wounded.
You constrict Duvessa, but do no damage.
Dowan gestures at Duvessa while chanting.
Duvessa seems to speed up.
Duvessa hits you with a +1 rapier of electrocution!
Unknown command.
You tentacle-slap Duvessa but do no damage.
Your tentacle-slap misses Duvessa.
Duvessa is moderately wounded.
You constrict Duvessa.
Duvessa hits you with a +1 rapier of electrocution.
Unknown command.
You tentacle-slap Duvessa but do no damage.
Duvessa is heavily wounded.
You constrict Duvessa, but do no damage.
Duvessa hits you with a +1 rapier of electrocution!
Duvessa barely misses you. Dowan casts a spell at you.
The puff of frost hits you!
* * * LOW HITPOINT WARNING * * *
You release your grip on Duvessa.
Duvessa misses you.
Dowan points at you and mumbles some strange words.
The puff of flame hits you!
You die...

....).
#......
....~..
.e.....
......~
.r...)~
##.......
#h....~..
#.e......
#........
##.....#.
#...[..
######


You could see Duvessa (fast), Dowan and a quokka.

Vanquished Creatures
  A scorpion (D:4)
  Jessica (D:2)
  A gnoll (D:5)
  3 adders
  A worm (D:3)
  3 dart slugs (D:1)
  6 orcs
  4 endoplasms
  4 giant cockroaches
  11 goblins
  4 hobgoblins
  4 jackals (D:2)
  6 quokkas
  9 ball pythons
  12 bats
  2 frilled lizards
  6 kobolds
  10 rats
88 creatures vanquished.

Notes
Turn   | Place    | Note
-------+----------+-------------------------------------------
     0 | D:1      | LustLizard the Octopode Shapeshifter began the quest for
                  | the Orb.
     0 | D:1      | Reached XP level 1. HP: 13/13 MP: 1/1
    62 | D:1      | Reached XP level 2. HP: 15/18 MP: 2/2
   114 | D:1      | Reached skill level 1 in Stealth
   423 | D:1      | Reached XP level 3. HP: 23/23 MP: 3/3
   894 | D:1      | Found a faded altar of an unknown god.
  1353 | D:2      | Reached XP level 4. HP: 29/29 MP: 4/4
  1369 | D:2      | Noticed Jessica
  1420 | D:2      | Killed Jessica
  1421 | D:2      | Reached skill level 4 in Unarmed Combat
  1744 | D:3      | Found a white marble altar of Elyvilon.
  1886 | D:3      | Learned a level 2 spell: Blink
  2136 | D:3      | Noticed a moth of wrath
  2139 | D:3      | Found a bloodstained altar of Trog.
  2161 | D:3      | Reached XP level 5. HP: 22/34 MP: 5/5
  2278 | D:4      | Found a shimmering blue altar of Sif Muna.
  2655 | D:4      | Reached skill level 1 in Translocations
  2784 | D:4      | Found a sparkling altar of Nemelex Xobeh.
  3218 | D:5      | Entered Level 5 of the Dungeon
  3218 | D:5      | Noticed a phantom
  3259 | D:5      | Reached XP level 6. HP: 41/41 MP: 6/6
  3315 | D:5      | Noticed Duvessa
  3315 | D:5      | Noticed Dowan
  3320 | D:5      | Killed from afar by Dowan

Illustrated notes

Levels and vault maps discovered:
D:1:      dpeg_arrival_three_bigger_balls, layout_basic,
          hellmonk_ecumenical_altar_defaced_shrine, minivault_23
D:2:      layout_loops_ring, uniq_jessica
D:3:      layout_basic, tgw_trog, nicolae_elyvilon_temple_path
D:4:      layout_basic, nemelex_xobeh_ov_fountains_minmay,
          nicolae_sif_muna_condensation
D:5:      layout_rooms, mainiacjoe_overflow_paths, minivault_25,
          skrybe_limestone_x, uniq_duvessa, uniq_sigmund

Skill      XL: |  1  2  3  4  5 |
---------------+----------------+-----
Stealth        | 1 2 3 |  3.0
Fighting       | 2 |  2.5
Unarmed Combat | 4 |  4.5
Translocations | 1 |  1.1
Dodging        | |  2.0
Shapeshifting  | |  3.6

Action                     |  1- 3 |  4- 6 || total
---------------------------+-------+-------++-------
  Melee: Unarmed           |    84 |    78 ||   162
         Constrict         |    24 |    21 ||    45
         Tentacles         |    10 |    12 ||    22
         Punch             |     2 |     3 ||     5
    Use: Scroll            |       |     5 ||     5
   Stab: Sleeping          |       |     6 ||     6
 Armour: Skin              |     7 |     3 ||    10
  Dodge: Dodged            |    41 |    46 ||    87

Table legend: (Time is in decaauts)
 A = Elapsed time spent in this place.
 B = Non-inter-level travel time spent in this place.
 C = Inter-level travel time spent in this place.
 D = Time resting spent in this place.
 E = Time spent auto-exploring this place.
 F = Levels seen in this place.
 G = Mean time per level.
                   A        B        C        D        E       F      G
               +--------+--------+--------+--------+--------+-----+--------+
         Total |   3307 |   3152 |    155 |    136 |   2103 |   5 |  661.4 |
       Dungeon |   3307 |   3152 |    155 |    136 |   2103 |   5 |  661.4 |
               +--------+--------+--------+--------+--------+-----+--------+

Top non-repeatable levels by time:
     D:4: 1028 daAuts
     D:1: 1015 daAuts
     D:2: 693 daAuts
     D:3: 559 daAuts
     D:5: 10 daAuts
